 Dungeon Crawl Stone Soup version 0.18.1-6-gd335043 (webtiles) character file.

6326 Implojin the Martial Artist (level 10, 0/80 HPs)
             Began as a Mummy Monk on May 14, 2016.
             Slain by an unseen horror (9 damage)
             ... on level 7 of the Dungeon on May 17, 2016.
             The game lasted 01:06:22 (23080 turns).

Implojin the Martial Artist (Mummy Monk)           Turns: 23080, Time: 01:06:23

Health: 0/80       AC:  8    Str: 22    XL:     10   Next: 64%
Magic:  10/10      EV: 17    Int: 11    God:
Gold:   299        SH:  0    Dex: 19    Spells: 0 memorised, 9 levels left

rFire  x . .     SeeInvis .       - Unarmed
rCold  + . .     Gourm    .     (no armour)
rNeg   + + +     Faith    .     (no shield)
rPois  ∞         Spirit   .     B - +1 helmet
rElec  +         Dismiss  .     f - +2 cloak
rCorr  .         Reflect  .     C - +0 pair of gloves of the Devil's Advocate {rElec rPois Str+8, oh lawd} (curse)
SustAt .         Harm     .     j - +1 pair of boots
MR     +....                    (no amulet)
Stlth  ++........               a - ring of wizardry
                                t - +2 ring of intelligence

@: about to teleport, somewhat resistant to hostile enchantments, unstealthy
A: no food or potions, fire vulnerability, cold resistance 1, negative energy
resistance 3, torment resistance, unbreathing
a: no special abilities


You were on level 7 of the Dungeon.
You were not hungry.

You visited 1 branch of the dungeon, and saw 8 of its levels.

You collected 676 gold pieces.
You spent 377 gold pieces at shops.

Inventory:

Armour
 f - a +2 cloak (worn)
 j - a +1 pair of boots (worn)
 k - a -2 pair of gloves
 l - a +0 pair of boots
 v - a +0 cloak
 w - a +0 pair of boots
 B - a +1 helmet (worn)
 C - the cursed +0 pair of gloves of the Devil's Advocate (worn) {rElec rPois Str+8, oh lawd}
   (You bought it in a shop on level 8 of the Dungeon)

   It affects your strength (+8).
   It insulates you from electricity.
   It protects you from poison.
   It has a curse placed upon it.
Jewellery
 a - a ring of wizardry (right hand)
 t - a +2 ring of intelligence (left hand)
 A - a +3 amulet of reflection {unknown}
 D - a cursed amulet of inaccuracy {unknown}
Wands
 m - a wand of enslavement (14/24)
 n - a wand of flame (38/48)
 p - a wand of confusion (20/48)
 r - a wand of slowing (21/48)
 s - a wand of flame (14/48)
 u - a wand of lightning (9/15)
Scrolls
 b - 3 scrolls of magic mapping
 c - 4 scrolls of enchant weapon (quivered)
 d - 2 scrolls of fear
 h - 4 scrolls of remove curse
 i - a scroll of random uselessness
 o - 2 scrolls of teleportation
 q - a scroll of amnesia {unknown}
 x - 2 scrolls of noise {unknown}
 y - a scroll of recharging {unknown}
Books
 e - a book of Ice

   Spells                             Type                      Level
   a - Ice Form                       Ice/Transmutation            4
   b - Metabolic Englaciation         Hexes/Ice                    5
   c - Ozocubu's Refrigeration        Ice                          6
   d - Bolt of Cold                   Conjuration/Ice              6
   e - Freezing Cloud                 Conjuration/Ice/Air          6
   f - Simulacrum                     Ice/Necromancy               6
 z - a book of Geomancy

   Spells                             Type                      Level
   a - Sandblast                      Earth                        1
   b - Passwall                       Transmutation/Earth          2
   c - Stone Arrow                    Conjuration/Earth            3
   d - Petrify                        Transmutation/Earth          4
   e - Lee's Rapid Deconstruction     Earth                        5
Comestibles
 g - 6 bread rations


   Skills:
 * Level 8.2 Fighting
 - Level 6.4 Dodging
 - Level 1.5 Stealth
 - Level 11.0 Unarmed Combat


You had 9 spell levels left.
You didn't know any spells.

Dungeon Overview and Level Annotations

Branches:
Dungeon (8/15)             Temple (0/1) D:4
   Lair: D:8-11

Altars:
Gozag
Kikubaaqudgha
Pakellas
Qazlal
Ru
Sif Muna
Trog
Xom
The Shining One

Shops:
D:6 %   D:8 ![[%

Annotations:
D:2 Pikel
D:8 Exaltedone87's ghost, novice DrBe


Innate Abilities, Weirdness & Mutations

You do not eat or drink.
Your flesh is vulnerable to fire.
You are immune to poison.
Your flesh is cold resistant.
You are immune to negative energy.
You are immune to unholy pain and torment.
You can survive without breathing.


Message History

You miss something. Something barely misses you.
You barely miss something. Something hits you!
Something hits you but does no damage.
You barely miss something. Something closely misses you.
You swing at nothing.
Something hits you but does no damage.
You hit something. Your punch misses something. Something hits you.
* * * LOW HITPOINT WARNING * * *
Unknown command.
You swing at nothing.
You punch something! Something hits you but does no damage. Something hits you.
* * * LOW HITPOINT WARNING * * *
Unknown command.
Something hits you but does no damage. Something hits you.
* * * LOW HITPOINT WARNING * * *
Something hits you but does no damage. Something barely misses you.
Something hits you.
* * * LOW HITPOINT WARNING * * *
Something hits you but does no damage.
Unknown command.
Something barely misses you. Something hits you!
* * * LOW HITPOINT WARNING * * *
You see here a water moccasin corpse.
Something hits you.
* * * LOW HITPOINT WARNING * * *
Something hits you.
* * * LOW HITPOINT WARNING * * *
You open the door. Something hits you.
* * * LOW HITPOINT WARNING * * *
Something hits you but does no damage.
There is an open door here.
Unknown command.
Something hits you but does no damage.
You close the door.
Something hits you!
* * * LOW HITPOINT WARNING * * *
Read which item? (? for menu, Esc to quit)
As you read the scroll of teleportation, it crumbles to dust.
You feel strangely unstable. Something hits you!
You die...

# #[# ##...## #.#####.# # ###)#
##.....## #.# #.# ## ##.#.#
##.......## #.# #.#
.####....###.........####.# #.#
.##........'.........'....#####.#
###......###.........####........
≈##....#.# ##.......## #..#.####
P##......#####.....## #[##.## #
.##.............@.## #.##..# #
.##......#####.#+## #.###.# #
###.[[.### #.#.# #.# #.# #
###.>[.#######.#.# #.###.###
.###)#.##......†.## #........ .#
#......#.##....## #####.###
.#####.##...##..>..# #.#
.......#######..[.## #.#
######.).......#.############.#


There were no monsters in sight!

Vanquished Creatures
  Grinder (D:4)
  Sigmund (D:3)
  A hungry ghost (D:7)
  A hippogriff (D:7)
  3 water moccasins
  Duvessa (D:4)
  5 orc warriors (D:7)
  A black bear (D:8)
  4 slaves (D:6)
  An ice beast (D:6)
  3 ogres
  A necrophage (D:6)
  5 centaurs
  11 big kobolds
  Dowan (D:4)
  3 giant frogs
  5 scorpions
  6 killer bees
  5 wights (D:7)
  5 electric eels (D:8)
  The ghost of MatlockB the Magician, a weakling HEWz of Vehumet (D:3)
  A centaur zombie (D:5)
  A jelly (D:5)
  3 howler monkeys
  6 crimson imps
  5 orc priests
  2 centaur skeletons
  3 hounds
  Crazy Yiuf (D:6)
  2 giant frog skeletons
  4 iguanas
  13 orc wizards
  5 worker ants
  2 hound skeletons (D:4)
  A howler monkey zombie (D:7)
  2 worker ant zombies
  11 gnolls
  9 adders
  4 shadow imps
  2 oozes
  2 adder skeletons
  2 worms
  2 dart slugs
  10 giant geckos
  53 orcs
  6 giant cockroaches
  10 goblins
  10 hobgoblins
  12 jackals
  6 quokkas
  3 ball pythons
  13 bats
  A giant gecko skeleton (D:4)
  9 giant newts
  A jackal skeleton (D:6)
  32 kobolds
  2 quokka skeletons
  13 rats
  A plant (D:8)
330 creatures vanquished.

Vanquished Creatures (others)
  An ice dragon (D:7)
  A sky beast (D:8)
  An orc (D:8)
  13 plants (D:8)
16 creatures vanquished.

Grand Total: 346 creatures vanquished

Notes
Turn   | Place    | Note
--------------------------------------------------------------
     0 | D:1      | Implojin the Mummy Monk began the quest for the Orb.
     0 | D:1      | Reached XP level 1. HP: 18/18 MP: 1/1
   657 | D:1      | Reached XP level 2. HP: 17/24 MP: 2/2
  1106 | D:1      | Reached skill level 4 in Unarmed Combat
  1556 | D:1      | Reached XP level 3. HP: 29/29 MP: 3/3
  2269 | D:2      | Found a bloodstained altar of Trog.
  2916 | D:2      | Reached XP level 4. HP: 32/35 MP: 4/4
  3471 | D:3      | Noticed MatlockB's ghost (weakling HEWz)
  3847 | D:2      | Reached skill level 5 in Unarmed Combat
  4319 | D:2      | HP: 1/35 [adder (4)]
  4698 | D:2      | Reached XP level 5. HP: 29/41 MP: 5/5
  4853 | D:3      | Killed MatlockB's ghost
  4903 | D:3      | Found an opulent altar of Gozag.
  4910 | D:3      | Found a sacrificial altar of Ru.
  4910 | D:3      | Found a deep blue altar of Sif Muna.
  5252 | D:3      | Upgraded the game from 0.18.1-5-g4a78601 to 0.18.1-6-gd335043
  5485 | D:3      | Reached skill level 6 in Unarmed Combat
  5976 | D:4      | Reached XP level 6. HP: 42/47 MP: 6/6
  6168 | D:4      | Noticed Grinder
  6210 | D:4      | Paralysed by Grinder for 6 turns
  6469 | D:4      | Killed Grinder
  6469 | D:4      | Reached skill level 4 in Fighting
  6710 | D:4      | Noticed Dowan
  6711 | D:4      | Noticed Duvessa
  7215 | D:3      | Reached skill level 5 in Fighting
  7215 | D:3      | Reached XP level 7. HP: 30/56 MP: 7/7
  8445 | D:4      | Noticed Sigmund
  8499 | D:5      | Entered Level 5 of the Dungeon
  8511 | D:5      | Reached skill level 6 in Fighting
  9230 | D:5      | Reached skill level 7 in Unarmed Combat
  9294 | D:5      | Reached XP level 8. HP: 48/64 MP: 8/8
  9610 | D:6      | Found Adaej's Food Emporium.
  9839 | D:6      | Reached skill level 8 in Unarmed Combat
 10255 | D:6      | Noticed Pikel
 10568 | D:6      | Reached skill level 7 in Fighting
 11377 | D:6      | Reached skill level 8 in Fighting
 11637 | D:6      | Noticed Crazy Yiuf
 11646 | D:6      | Killed Crazy Yiuf
 11947 | D:6      | Reached skill level 3 in Dodging
 12046 | D:6      | Found a stormy altar of Qazlal.
 12050 | D:6      | Found a shimmering altar of Xom.
 12053 | D:6      | Found an ancient bone altar of Kikubaaqudgha.
 12200 | D:6      | Reached XP level 9. HP: 74/74 MP: 9/9
 12520 | D:3      | Killed Sigmund
 12520 | D:3      | Reached skill level 4 in Dodging
 13016 | D:4      | Killed Duvessa
 13300 | D:4      | Killed Dowan
 13300 | D:4      | Reached skill level 5 in Dodging
 13376 | D:4      | Found a staircase to the Ecumenical Temple.
 14354 | D:2      | Found a glowing golden altar of the Shining One.
 15434 | D:7      | Reached skill level 6 in Dodging
 16556 | D:7      | Found an oddly glowing altar of Pakellas.
 16557 | D:7      | Noticed an ice dragon
 16569 | D:7      | Killed an ice dragon
 16846 | D:7      | Reached skill level 9 in Unarmed Combat
 17082 | D:8      | Found Wazayso's Antique Armour Shop.
 17444 | D:8      | Found Lusewion's Distillery.
 17504 | D:8      | Reached XP level 10. HP: 79/80 MP: 10/10
 18843 | D:8      | Noticed Exaltedone87's ghost (novice DrBe)
 19420 | D:8      | Reached skill level 10 in Unarmed Combat
 19814 | D:8      | Found Omagoudgh's Food Shop.
 20795 | D:8      | Bought a shiny helmet for 121 gold pieces
 20795 | D:8      | Bought a pair of distressingly furry gloves for 256 gold pieces
 21016 | D:7      | Identified the cursed +0 pair of gloves of the Devil's Advocate {rElec rPois Str+8} (You bought it in a shop on level 8 of the Dungeon)
 21115 | D:8      | Found Nuus's Armour Emporium.
 22562 | D:8      | Reached skill level 11 in Unarmed Combat
 23080 | D:7      | Slain by an unseen horror

Skill      XL: |  1  2  3  4  5  6  7  8  9 10 |
---------------+-------------------------------+-----
Unarmed Combat | 4 5 6 7 8 9 11 | 11.0
Fighting       | 5 6 8 |  8.2
Dodging        | 3 6 |  6.4
Stealth        | |  1.5

Action                   |  1- 3 |  4- 6 |  7- 9 | 10-12 || total
-------------------------+-------+-------+-------+-------++-------
Melee: Unarmed           |   144 |   323 |   764 |   414 ||  1645
       Punch             |     5 |     2 |    25 |    27 ||    59
  Use: Scroll            |       |     9 |     5 |     1 ||    15
 Stab: Sleeping          |     2 |     3 |     4 |       ||     9
       Distracted        |     2 |     2 |       |       ||     4
Armor: Skin              |     4 |    31 |    63 |    71 ||   169
Dodge: Dodged            |    81 |   190 |   438 |   297 ||  1006

Table legend:
 A = Turns spent in this place as a percentage of turns spent in the entire game.
 B = Non-inter-level travel turns spent in this place as a percentage of non-inter-level travel turns spent in the entire game.
 C = Inter-level travel turns spent in this place as a percentage of turns spent in this place.
 D = Turns resting spent in this place as a percentage of non-inter-level travel turns spent in this place.
 E = Turns spent auto-exploring this place as a percentage of non-inter-level travel turns spent in this place.
 F = Non-inter-level travel turns spent in this place divided by the number of levels of this place that you've seen.
                   A       B       C       D       E      F
               +-------+-------+-------+-------+-------+----------------------
         Total | 100.0 | 100.0 |   0.3 |   4.2 |   1.9 | 982.2
       Dungeon | 100.0 | 100.0 |   0.3 |   4.2 |   1.9 | 982.2
               +-------+-------+-------+-------+-------+----------------------

Table legend:
 A = Kills in this place as a percentage of kills in entire the game.
 B = Kills by you in this place as a percentage of kills by you in the entire game.
 C = Kills by friends in this place as a percentage of kills by friends in the entire game.
 D = Other kills in this place as a percentage of other kills in the entire game.
 E = Experience gained in this place as a percentage of experience gained in the entire game.
 F = Experience gained in this place divided by the number of levels of this place that you have seen.
                   A       B       C       D       E      F
               +-------+-------+-------+-------+-------+----------------------
         Total | 100.0 | 100.0 |  -nan | 100.0 | 100.0 | 1129.8
       Dungeon | 100.0 | 100.0 |  -nan | 100.0 | 100.0 | 1129.8
               +-------+-------+-------+-------+-------+----------------------
